 Dungeon Crawl Stone Soup version 0.23.1 (webtiles) character file.

Game seed: 0

359 Luthien the Magician (level 6, -2/32 HPs)
             Began as a Deep Elf Wizard on Mar 9, 2019.
             Slain by a gnoll
             ... wielding a cursed -2 spear
              (3 damage)
             ... on level 5 of the Dungeon.
             The game lasted 00:34:32 (6263 turns).

Luthien the Magician (Deep Elf Wizard)              Turns: 6263, Time: 00:34:33

Health: -2/32      AC:  3    Str:  4    XL:     6   Next: 37%
Magic:  10/17      EV: 12    Int: 23    God:
Gold:   211        SH:  0    Dex: 15    Spells: 11/17 levels left

rFire    + . .     SeeInvis .   v - +3 quarterstaff (drain)
rCold    + . .     Gourm    .   (shield currently unavailable)
rNeg     . . .     Faith    .   q - +0 leather armour
rPois    .         Spirit   .   b - +0 hat
rElec    .         Reflect  .   g - scarf {rC+ rF+}
rCorr    .         Harm     .   (no gloves)
MR       .....     Rnd*Tele +   (no boots)
Stlth    ++........             e - amulet of the acrobat
HPRegen  0.10/turn              l - ring of teleportation (curse)
MPRegen  0.15/turn              (no ring)

@: very slightly contaminated
A: no striking features
a: no special abilities


You were on level 5 of the Dungeon.
You were hungry.

You visited 1 branch of the dungeon, and saw 5 of its levels.

You collected 211 gold pieces.

Inventory:

Hand Weapons
 c - a +0 dagger
 v - a +3 quarterstaff of draining (weapon)
Missiles
 f - 106 arrows
 h - 56 poisoned needles
 i - 87 stones (quivered)
 k - 59 bolts
 n - 7 tomahawks
Armour
 a - a +0 robe
 b - a +0 hat (worn)
 g - a scarf of resistance (worn)
 q - a +0 leather armour (worn)
 s - a +0 leather armour
 t - a +0 robe
Jewellery
 e - an amulet of the acrobat (around neck)
 l - a cursed ring of teleportation (left hand)
 m - a +4 amulet of reflection {unknown}
 w - a +3 ring of dexterity {unknown}
 B - a cursed -3 ring of dexterity {unknown}
 C - an uncursed amulet of magic regeneration {unknown}
Scrolls
 o - a scroll of amnesia
 p - 3 scrolls of identify
 u - a scroll of magic mapping
Potions
 j - a potion of curing
 r - 2 potions of degeneration
 z - 2 potions of flight {unknown}
Comestibles
 d - 7 rations


   Skills:
 - Level 2.4 Dodging
 - Level 2.4 Stealth
 - Level 6.0 Spellcasting
 + Level 5.1 Conjurations
 - Level 1.1 Summonings
 + Level 3.7 Necromancy
 - Level 1.1 Translocations


You had 11 spell levels left.
You knew the following spells:

 Your Spells              Type           Power        Failure   Level  Hunger
a - Magic Dart            Conj           ####         1%          1    None
b - Blink                 Tloc           N/A          14%         2    None
c - Call Imp              Summ           ##......     14%         2    None
d - Animate Skeleton      Necr           N/A          3%          1    None

Your spell library contained the following spells:

 Spells                   Type           Power        Failure   Level  Hunger
 Pain                     Necr           ###.         3%          1    None
 Vampiric Draining        Necr           ###.......   10%         3    #......
 Conjure Flame            Conj/Fire      ###.....     16%         3    #......
 Slow                     Hex            #.......     22%         2    None
 Mephitic Cloud           Conj/Pois/Air  ##......     22%         3    #......
 Regeneration             Chrm/Necr      ###.......   22%         3    #......
 Animate Dead             Necr           N/A          32%         4    ###....


Dungeon Overview and Level Annotations

Branches:
Dungeon (5/15)
 Temple: D:4-7

Altars:
Okawaru
Qazlal
Uskayaw
Vehumet
Xom
The Shining One

Annotations:
D:5 Dowan, Duvessa


Message History

The gnoll sergeant hits you from afar with a +0 trident!
* * * LOW HITPOINT WARNING * * *
Casting: Blink (safe; 14% risk of failure)
Confirm with . or Enter, or press ? or * to list all spells.
Okay, then.
Unknown command.
You feel better.
The gnoll sergeant hits you but does no damage.
Casting: Blink (safe; 14% risk of failure)
Confirm with . or Enter, or press ? or * to list all spells.
You blink.
The gnoll shouts!
The gnoll hits you with a +0 spear.
The gnoll sergeant hits you from afar with a +0 trident!
* * * LOW HITPOINT WARNING * * *
Casting: Blink (safe; 14% risk of failure)
Confirm with . or Enter, or press ? or * to list all spells.
You blink.
The gnoll hits you with a cursed -2 spear.
You die...

##.### ##.....##
#....######..
#.#..###.......####.....#
#.
#####......g.....#......#
## ##.....##...........#
# #...g.####.......... #
#.....# ##...####..
##..g.# ##..## ### #...##
#...# #g..# ##@.## #..##
#g.## #..# #..#
##..#####g## ##.###..g.##
##.## ###### #.## ###


You could see 2 gnolls.

Vanquished Creatures
  An ogre (D:4)
  A hound (D:4)
  2 worker ants (D:4)
  2 gnolls (D:4)
  5 adders
  2 adder skeletons (D:4)
  A worm (D:3)
  A leopard gecko (D:1)
  3 orcs
  4 giant cockroaches
  6 goblins
  5 hobgoblins
  3 jackals
  A quokka (D:4)
  2 ball pythons
  8 bats
  4 frilled lizards
  6 kobolds
  5 rats
62 creatures vanquished.

Vanquished Creatures (collateral kills)
  A howler monkey (D:4)
  2 orc priests
  An orc wizard (D:4)
  A gnoll (D:4)
  An adder (D:3)
  An adder skeleton (D:4)
  3 orcs (D:3)
  A bat (D:3)
  6 jackals
  2 kobolds (D:3)
19 creatures vanquished.

Grand Total: 81 creatures vanquished

Notes
Turn   | Place    | Note
-------+----------+-------------------------------------------
     0 | D:1      | Luthien the Deep Elf Wizard began the quest for the Orb.
     0 | D:1      | Reached XP level 1. HP: 10/10 MP: 7/7
   298 | D:1      | Reached XP level 2. HP: 15/15 MP: 3/9
   352 | D:1      | Learned a level 2 spell: Blink
   355 | D:1      | Learned a level 2 spell: Call Imp
   855 | D:1      | Reached skill level 5 in Spellcasting
  1137 | D:3      | Reached XP level 3. HP: 9/19 MP: 0/11
  1317 | D:3      | Found a stormy altar of Qazlal.
  1614 | D:2      | Found an iron altar of Okawaru.
  1617 | D:2      | Found a radiant altar of Vehumet.
  2158 | D:3      | Reached XP level 4. HP: 24/24 MP: 9/13
  2236 | D:3      | Found a glowing golden altar of the Shining One.
  2238 | D:3      | Found a hide-covered altar of Uskayaw.
  2675 | D:3      | Reached skill level 6 in Spellcasting
  3120 | D:3      | Learned a level 1 spell: Animate Skeleton
  3321 | D:4      | Reached skill level 1 in Necromancy
  3426 | D:4      | Reached XP level 5. HP: 28/28 MP: 6/15
  3713 | D:4      | Found a burning altar of Makhleb.
  3715 | D:4      | Found a blossoming altar of Fedhas.
  3715 | D:4      | Found a bloodstained altar of Trog.
  3717 | D:4      | Found a glowing silver altar of Zin.
  3717 | D:4      | Found a shimmering altar of Xom.
  3717 | D:4      | Found a radiant altar of Vehumet.
  4303 | D:5      | Entered Level 5 of the Dungeon
  4403 | D:5      | Noticed an ogre
  4405 | D:5      | Noticed a phantom
  4419 | D:5      | Noticed Dowan
  4420 | D:5      | Noticed Duvessa
  4818 | D:4      | HP: 1/28 [poisoned by a worker ant]
  4822 | D:4      | Reached XP level 6. HP: 13/32 MP: 5/17
  5616 | D:4      | Reached skill level 5 in Conjurations
  6262 | D:5      | HP: 1/32 [gnoll sergeant/+0 trident (9)]
  6263 | D:5      | Slain by a gnoll

Skill      XL: |  1  2  3  4  5  6 |
---------------+-------------------+-----
Conjurations   | 2 3 4 5 |  5.1
Spellcasting   | 5 6 |  6.0
Necromancy     | 1 3 |  3.7
Dodging        | |  2.4
Stealth        | |  2.4
Summonings     | |  1.1
Translocations | |  1.1

Action                   |  1- 3 |  4- 6 || total
-------------------------+-------+-------++-------
Melee: Dagger            |     8 |       ||     8
Throw: Stone             |     1 |       ||     1
 Cast: Magic Dart        |    62 |   111 ||   173
       Call Imp          |    11 |    40 ||    51
       Animate Skeleton  |       |     6 ||     6
       Blink             |       |    12 ||    12
  Use: Scroll            |     1 |     6 ||     7
       Potion            |     1 |     3 ||     4
  Eat: Chunk             |     3 |    12 ||    15
Armor: Robe              |     4 |       ||     4
       Leather armour    |       |    11 ||    11
Dodge: Dodged            |    41 |    72 ||   113
